 Dungeon Crawl Stone Soup version 0.27-a0-1066-g29160eaed2 (webtiles) character file.

Game seed: 9342933563891132348

85 LordDeathwing the Covered (level 4, -1/40 HPs)
             Began as a Hill Orc Fighter on Apr 24, 2021.
             Was an Initiate of Okawaru.
             Slain by a hound (3 damage)
             ... on level 3 of the Dungeon.
             The game lasted 00:04:12 (2070 turns).

LordDeathwing the Covered (Hill Orc Fighter)        Turns: 2070, Time: 00:04:15

Health: -1/40      AC:  7    Str: 19    XL:     4   Next: 48%
Magic:  4/4        EV:  7    Int:  8    God:    Okawaru [......]
Gold:   152        SH:  0    Dex: 10    Spells: 3/3 levels left

rFire    . . .     SeeInvis .   a - +0 war axe
rCold    . . .     Faith    .   c - +0 kite shield
rNeg     . . .     Spirit   .   b - +0 scale mail
rPois    .         Reflect  .   (no helmet)
rElec    .         Harm     .   (no cloak)
rCorr    .         Rampage  .   (no gloves)
Will     .....                  (no boots)
Stlth    ..........             (no amulet)
HPRegen  0.13/turn              (no ring)
MPRegen  0.09/turn              (no ring)

@: confused
A: no striking features
a: Renounce Religion


You were on level 3 of the Dungeon.
You worshipped Okawaru.
Okawaru was noncommittal.
You visited 1 branch of the dungeon, and saw 3 of its levels.

You collected 152 gold pieces.

Inventory:

Hand Weapons
 a - a +0 war axe (weapon)
Armour
 b - a +0 scale mail (worn)
 c - a +0 kite shield (worn)
Scrolls
 e - a scroll of silence {unknown}
 g - 2 scrolls of teleportation {unknown}
 i - a scroll of acquirement {unknown}
 j - a scroll of blinking {unknown}
 k - a scroll of noise {unknown}
 m - 2 scrolls of identify {unknown}
Potions
 d - a potion of might
 f - 3 potions of curing {unknown}
 h - a potion of haste {unknown}
 l - a potion of flight {unknown}


   Skills:
 + Level 4.0 Fighting
 * Level 3.9 Axes
 * Level 4.1 Armour
 + Level 1.1 Stealth
 + Level 3.7 Shields


You had 3 spell levels left.
You didn't know any spells.
Your spell library was empty.

Dungeon Overview and Level Annotations

Branches:
Dungeon (3/15)

Altars:
Okawaru

Annotations:
D:3 Sigmund


Message History

You bump into the rock wall.
A hound comes into view.
You bump into the rock wall.
The hound barks!
You hear some strange, mumbled words.
You are more confused.
The hound stops to sniff the ground.
The hound bites you but does no damage.
You hear some strange, mumbled words.
You are more confused.
You barely miss the hound. The hound completely misses you.
The hound bites you.
A magic dart appears from out of thin air!
The magic dart hits you.
You're too confused to move!
The hound completely misses you. The hound bites you.
You bump into the rock wall.
The hound barely misses you.
You hear some strange, mumbled words.
A puff of flame appears from out of thin air!
The puff of flame misses you.
The puff of flame hits the hound.
You bump into the rock wall.
The hound closely misses you. Something hits you but does no damage.
The hound bites you.
You're too confused to move!
The hound bites you.
A magic dart appears from out of thin air!
The magic dart hits you.
You bump into the rock wall.
The hound bites you but does no damage.
You hear some strange, mumbled words.
Something tries to affect you, but you resist.
The hound bites you but does no damage.
You're too confused to move!
The hound bites you but does no damage. Something hits you.
Something freezes you.
* * * LOW HITPOINT WARNING * * *
You are too confused!
You bump into the rock wall.
The hound bites you.
* * * LOW HITPOINT WARNING * * *
Something hits you!
* * * LOW HITPOINT WARNING * * *
Something freezes you.
* * * LOW HITPOINT WARNING * * *
The hound bites you.
You die...

#...........#
#....._.....##
#.............
#...#...#....#
#†#.##.##.#### #
#{#..@....# #
#.###...### #
#.############### #
#....{.@h.......# #
###########.###.####
# #.###....#####
########..#####..#...
#............###.)...
#.##########.# ###...
#.# #.# #### #.#
####.## # #.#
#.....## #


You could see a hound.

Vanquished Creatures
  Jessica (D:3)
  An adder (D:2)
  A worm (D:2)
  A dart slug (D:1)
  An orc (D:3)
  3 ball pythons
  6 endoplasms
  7 goblins
  2 hobgoblins
  3 jackals (D:2)
  4 kobolds
  A quokka (D:1)
  2 bats
  A frilled lizard (D:3)
  7 rats
41 creatures vanquished.

Notes
Turn   | Place    | Note
-------+----------+-------------------------------------------
     0 | D:1      | LordDeathwing the Hill Orc Fighter began the quest for the
                  | Orb.
     0 | D:1      | Reached XP level 1. HP: 19/19 MP: 1/1
   100 | D:1      | Reached XP level 2. HP: 23/27 MP: 2/2
   660 | D:2      | Reached XP level 3. HP: 28/33 MP: 3/3
  1586 | D:3      | Noticed Jessica
  1597 | D:3      | Killed Jessica
  1598 | D:3      | Reached skill level 1 in Stealth
  1598 | D:3      | Reached XP level 4. HP: 31/40 MP: 4/4
  1845 | D:3      | Found a faded altar of an unknown god.
  2025 | D:3      | Found an iron altar of Okawaru.
  2035 | D:3      | Noticed Sigmund
  2036 | D:3      | Became a worshipper of Warmaster Okawaru
  2070 | D:3      | HP: 2/40 [something (1)]
  2070 | D:3      | Slain by a hound

Illustrated notes

Levels and vault maps discovered:
D:1:      wander_arrival_lonely_grave, layout_basic
D:2:      layout_basic
D:3:      layout_rooms, okawaru_gym_becter, lemuel_tele_altar,
          marbit_many_paths, shapermc_ecumenical_altar_mp_highgroup,
          serial_bayou_pond_a, uniq_sigmund, uniq_jessica

Skill      XL: |  1  2  3 |
---------------+----------+-----
Axes           | 3 |  3.9
Fighting       | 4 |  4.0
Armour         | 4 |  4.1
Stealth        | 1 |  1.1
Shields        | |  3.7

Action                   |  1- 3 |  4- 6 || total
-------------------------+-------+-------++-------
Melee: War axe           |    98 |    20 ||   118
Armor: Scale mail        |    49 |    16 ||    65
Dodge: Dodged            |    38 |    11 ||    49
Block: Kite shield       |    46 |    15 ||    61

Table legend: (Time is in decaauts)
 A = Elapsed time spent in this place.
 B = Non-inter-level travel time spent in this place.
 C = Inter-level travel time spent in this place.
 D = Time resting spent in this place.
 E = Time spent auto-exploring this place.
 F = Levels seen in this place.
 G = Mean time per level.
                   A        B        C        D        E       F      G
               +--------+--------+--------+--------+--------+-----+--------+
         Total |   2136 |   2047 |     89 |    233 |   1456 |   3 |  712.0 |
       Dungeon |   2136 |   2047 |     89 |    233 |   1456 |   3 |  712.0 |
               +--------+--------+--------+--------+--------+-----+--------+

Top non-repeatable levels by time:
     D:2: 872 daAuts
     D:1: 650 daAuts
     D:3: 613 daAuts
